| TOP OF THE 1ST |
|
Tacoma Rainiers batting - Pitching for New Orleans Brass : LHP Trevor Wilson
|
|
Pitching: LHP Trevor Wilson
|
|
|
Batting: SHB Ricky Otero
|
0-0: Ball 1-0: Swinging Strike 1-1: Ball 2-1: Foul Ball, location: 2F 2-2: Ground out 5-3 (Groundball, 56S, EV 90.6 MPH)
|
|
Batting: RHB Jose Guillen
|
0-0: Ball 1-0: Ball 2-0: Hit by Pitch
|
|
Batting: LHB Chito Martinez
|
0-0: Called Strike 0-1: Foul Ball, location: 2F 0-2: Ball 1-2: Fly out, F9 (Flyball, 9D, EV 75.0 MPH)
|
|
Batting: LHB Dion James
|
0-0: Ball 1-0: Foul Ball, location: 2F 1-1: Called Strike 1-2: Ball 2-2: Ball 3-2: Base on Balls Jose Guillen to second
|
|
Batting: SHB Jason Bates
|
0-0: Ball 1-0: DOUBLE (Line Drive, 7LS, EV 99.4 MPH) Jose Guillen scores Dion James to third Runner from 3rd tries for Home, SAFE, no throw by LF
|
|
Batting: LHB Daryl Boston
|
0-0: Called Strike 0-1: Ball 1-1: Ball 2-1: Fly out, F8 (Flyball, 89M, EV 84.4 MPH)
|
| Top of the 1st over - 2 runs, 1 hit, 0 errors, 1 left on base; Tacoma 2 - New Orleans 0 |
| BOTTOM OF THE 1ST |
|
New Orleans Brass batting - Pitching for Tacoma Rainiers : RHP Greg Keagle
|
|
Pitching: RHP Greg Keagle
|
|
|
Batting: SHB Cecil Espy
|
0-0: SINGLE (Flyball, 7S, EV 93.8 MPH)
|
|
Batting: SHB Ruben Sierra
|
0-0: Swinging Strike 0-1: Ball 1-1: Fielders Choice at 2nd, 4-6 (Groundball, 4M, EV 80.6 MPH)
|
|
Batting: RHB Scott Brosius
|
0-0: Ball 1-0: Called Strike 1-1: Ball 2-1: Called Strike 2-2: Strikes out swinging
|
|
Batting: SHB Jose L Cruz
|
0-0: Foul Ball, location: 2F 0-1: Ball 1-1: Ball 2-1: Swinging Strike 2-2: Strikes out swinging
|
| Bottom of the 1st over - 0 runs, 1 hit, 0 errors, 1 left on base; Tacoma 2 - New Orleans 0 |
| TOP OF THE 2ND |
|
Tacoma Rainiers batting - Pitching for New Orleans Brass : LHP Trevor Wilson
|
|
Batting: RHB Ron Coomer
|
0-0: Called Strike 0-1: Ball 1-1: Swinging Strike 1-2: Ball 2-2: Fly out, F8 (Flyball, 8LD, EV 79.4 MPH)
|
|
Batting: LHB Tim Hyers
|
0-0: Ball 1-0: Ball 2-0: Ball 3-0: Base on Balls
|
|
Batting: LHB Greg O'Halloran
|
0-0: Called Strike 0-1: Called Strike 0-2: Strikes out swinging
|
|
Batting: SHB Ricky Otero
|
0-0: Ball 1-0: Foul Ball, location: 2F 1-1: Foul Ball, location: 2F 1-2: Fly out, F9 (Flyball, 9D, EV 90.6 MPH)
|
| Top of the 2nd over - 0 runs, 0 hits, 0 errors, 1 left on base; Tacoma 2 - New Orleans 0 |
| BOTTOM OF THE 2ND |
|
New Orleans Brass batting - Pitching for Tacoma Rainiers : RHP Greg Keagle
|
|
Batting: RHB Eric Karros
|
0-0: Called Strike 0-1: Ball 1-1: Called Strike 1-2: Ball 2-2: Ball 3-2: Base on Balls
|
|
Batting: SHB Jose Vidro
|
0-0: Ball 1-0: Foul Ball, location: 2F 1-1: Ball 2-1: Foul Ball, location: 2F 2-2: SINGLE (Line Drive, 6D, EV 106.9 MPH) Eric Karros to second
|
|
Batting: LHB Greg Myers
|
0-0: Ball 1-0: Ball 2-0: Called Strike 2-1: Ball 3-1: Grounds into double play, 6-4-3 (Groundball, 6M, EV 110.0 MPH) Eric Karros to third
|
|
Batting: SHB Wilson Delgado
|
0-0: Foul Ball, location: 2F 0-1: Ball 1-1: Called Strike 1-2: Strikes out swinging
|
| Bottom of the 2nd over - 0 runs, 1 hit, 0 errors, 1 left on base; Tacoma 2 - New Orleans 0 |
| TOP OF THE 3RD |
|
Tacoma Rainiers batting - Pitching for New Orleans Brass : LHP Trevor Wilson
|
|
Batting: RHB Jose Guillen
|
0-0: Called Strike 0-1: Swinging Strike 0-2: Ball 1-2: Foul Ball, location: 2F 1-2: Strikes out swinging
|
|
Batting: LHB Chito Martinez
|
0-0: Ball 1-0: Foul Ball, location: 2F 1-1: Foul Ball, location: 2F 1-2: Foul Ball, location: 2F 1-2: Ground out U3 (Groundball, 3L, EV 85.6 MPH)
|
|
Batting: LHB Dion James
|
0-0: Foul Ball, location: 2F 0-1: Swinging Strike 0-2: SINGLE (Line Drive, 6MD, EV 100.0 MPH)
|
|
Batting: SHB Jason Bates
|
0-0: Called Strike 0-1: Swinging Strike 0-2: Ball 1-2: Foul Ball, location: 2F 1-2: Foul Ball, location: 2F 1-2: Fielders Choice at 2nd, 6-4 (Groundball, 6, EV 81.9 MPH)
|
| Top of the 3rd over - 0 runs, 1 hit, 0 errors, 1 left on base; Tacoma 2 - New Orleans 0 |
| BOTTOM OF THE 3RD |
|
New Orleans Brass batting - Pitching for Tacoma Rainiers : RHP Greg Keagle
|
|
Batting: LHB Bill Selby
|
0-0: Fly out, F7 (Flyball, 7D, EV 75.0 MPH)
|
|
Batting: SHB Cecil Espy
|
0-0: Ball 1-0: Bunt for hit to 5S - play at first, batter safe!
|
|
Batting: SHB Ruben Sierra
|
0-0: Ball 1-0: Fly out, F7 (Flyball, 7D, EV 96.9 MPH)
|
|
Batting: RHB Scott Brosius
|
0-0: Called Strike 0-1: Ball 1-1: Ball 2-1: Ball 3-1: Called Strike 3-2: 2-RUN HOME RUN (Flyball, 7D, EV 106.3 MPH), Distance : 368 ft
|
|
Batting: SHB Jose L Cruz
|
0-0: Ball 1-0: Called Strike 1-1: Ball 2-1: Foul Ball, location: 2F 2-2: Ball 3-2: Base on Balls
|
|
Batting: RHB Eric Karros
|
0-0: Foul Ball, location: 2F 0-1: Called Strike 0-2: Fly out, F7 (Flyball, 78S, EV 89.4 MPH)
|
| Bottom of the 3rd over - 2 runs, 2 hits, 0 errors, 1 left on base; Tacoma 2 - New Orleans 2 |
| TOP OF THE 4TH |
|
Tacoma Rainiers batting - Pitching for New Orleans Brass : LHP Trevor Wilson
|
|
Batting: LHB Daryl Boston
|
0-0: Called Strike 0-1: Foul Ball, location: 2F 0-2: Ball 1-2: Foul Ball, location: 2F 1-2: Foul Ball, location: 2F 1-2: Ball 2-2: Foul Ball, location: 2F 2-2: Ball 3-2: SINGLE (Line Drive, 34, EV 103.8 MPH)
|
|
Batting: RHB Ron Coomer
|
0-0: Called Strike 0-1: Called Strike 0-2: Foul Ball, location: 2F 0-2: Ball 1-2: Ball 2-2: Fly out, F8 (Flyball, 8RXD, EV 107.5 MPH)
|
|
Batting: LHB Tim Hyers
|
0-0: Ball 1-0: Called Strike 1-1: Foul Ball, location: 2F 1-2: Strikes out swinging
|
|
Batting: LHB Greg O'Halloran
|
0-0: Called Strike 0-1: Ball 1-1: Fly out, F8 (Flyball, 8RM, EV 88.1 MPH)
|
| Top of the 4th over - 0 runs, 1 hit, 0 errors, 1 left on base; Tacoma 2 - New Orleans 2 |
| BOTTOM OF THE 4TH |
|
New Orleans Brass batting - Pitching for Tacoma Rainiers : RHP Greg Keagle
|
|
Batting: SHB Jose Vidro
|
0-0: Bunted foul 0-1: Ball 1-1: Ball 2-1: Ball 3-1: Base on Balls
|
|
Batting: LHB Greg Myers
|
0-0: Ball 1-0: TRIPLE (Flyball, 78XD, EV 90.6 MPH) Jose Vidro scores
|
|
Batting: SHB Wilson Delgado
|
0-0: Ball 1-0: Ball 2-0: Called Strike 2-1: Ground out 4-3 (Groundball, 4, EV 105.6 MPH) Greg Myers scores
|
|
Batting: LHB Bill Selby
|
0-0: Ball 1-0: Ground out 5-3 (Groundball, 5L, EV 108.1 MPH)
|
|
Batting: SHB Cecil Espy
|
0-0: Ground out 5-3 (Groundball, 56, EV 82.5 MPH)
|
| Bottom of the 4th over - 2 runs, 1 hit, 0 errors, 0 left on base; Tacoma 2 - New Orleans 4 |
| TOP OF THE 5TH |
|
Tacoma Rainiers batting - Pitching for New Orleans Brass : LHP Trevor Wilson
|
|
Pitching: RHP Jose Paniagua
|
|
|
Batting: SHB Ricky Otero
|
0-0: Foul Ball, location: 2F 0-1: Foul Ball, location: 2F 0-2: Ball 1-2: Foul Ball, location: 2F 1-2: Strikes out swinging
|
|
Batting: RHB Jose Guillen
|
0-0: Ball 1-0: Ball 2-0: Called Strike 2-1: DOUBLE (Flyball, 8RXD, EV 105.6 MPH)
|
|
Pitching: RHP Cris Carpenter
|
|
|
Batting: LHB Chito Martinez
|
0-0: Ball 1-0: Ball 2-0: Swinging Strike 2-1: Swinging Strike 2-2: Ground out 1-3 (Groundball, 15S, EV 68.8 MPH)
|
|
Batting: LHB Dion James
|
0-0: Ball 1-0: Ball 2-0: Ball 3-0: Base on Balls
|
|
Batting: SHB Jason Bates
|
0-0: Foul Ball, location: 2F 0-1: Ball 1-1: Ball 2-1: Called Strike 2-2: Foul Ball, location: 2F 2-2: Fly out, F7 (Flyball, 7LM, EV 85.0 MPH)
|
| Top of the 5th over - 0 runs, 1 hit, 0 errors, 2 left on base; Tacoma 2 - New Orleans 4 |
| BOTTOM OF THE 5TH |
|
New Orleans Brass batting - Pitching for Tacoma Rainiers : RHP Greg Keagle
|
|
Batting: SHB Ruben Sierra
|
0-0: Ball 1-0: Foul Ball, location: 2F 1-1: Ball 2-1: Foul Ball, location: 2F 2-2: Ball 3-2: Base on Balls
|
|
Batting: RHB Scott Brosius
|
0-0: Ball 1-0: Ball 2-0: Foul Ball, location: 2F 2-1: DOUBLE (Flyball, 8LXD, EV 101.3 MPH) Ruben Sierra to third
|
|
Batting: SHB Jose L Cruz
|
0-0: Called Strike 0-1: Ball 1-1: Fly out, F9 (Flyball, 89S, EV 93.8 MPH)
|
|
Pitching: LHP Billy Brewer
|
|
|
Batting: RHB Eric Karros
|
0-0: Called Strike 0-1: Foul Ball, location: 2F 0-2: Ball 1-2: Ball 2-2: Foul Ball, location: 2F 2-2: Ball 3-2: Foul Ball, location: 2F 3-2: Base on Balls
|
|
Batting: SHB Jose Vidro
|
0-0: Called Strike 0-1: Foul Ball, location: 2F 0-2: Strikes out swinging
|
|
Batting: LHB Greg Myers
|
0-0: Called Strike 0-1: Swinging Strike 0-2: Ball 1-2: Fly out, F2 (Popup, 5SF, EV 83.8 MPH)
|
| Bottom of the 5th over - 0 runs, 1 hit, 0 errors, 3 left on base; Tacoma 2 - New Orleans 4 |
| TOP OF THE 6TH |
|
Tacoma Rainiers batting - Pitching for New Orleans Brass : RHP Cris Carpenter
|
|
Batting: LHB Daryl Boston
|
0-0: Called Strike 0-1: Ball 1-1: Fly out, F7 (Flyball, 7LS, EV 86.9 MPH)
|
|
Batting: RHB Ron Coomer
|
0-0: Ball 1-0: Ball 2-0: Foul Ball, location: 2F 2-1: Called Strike 2-2: Ball 3-2: Strikes out swinging
|
|
Batting: LHB Tim Hyers
|
0-0: Swinging Strike 0-1: Foul Ball, location: 2F 0-2: Ball 1-2: SINGLE (Groundball, 34D, EV 98.8 MPH)
|
|
Batting: LHB Greg O'Halloran
|
0-0: Called Strike 0-1: Ball 1-1: Foul Ball, location: 2F 1-2: Foul Ball, location: 2F 1-2: SINGLE (Line Drive, 8LS, EV 107.5 MPH) Tim Hyers to second
|
|
Batting: SHB Ricky Otero
|
0-0: Foul Ball, location: 2F 0-1: Ball 1-1: Foul Ball, location: 2F 1-2: Foul Ball, location: 2F 1-2: Ball 2-2: Ball 3-2: Fly out, F8 (Line Drive, 8RM, EV 95.6 MPH)
|
| Top of the 6th over - 0 runs, 2 hits, 0 errors, 2 left on base; Tacoma 2 - New Orleans 4 |
| BOTTOM OF THE 6TH |
|
New Orleans Brass batting - Pitching for Tacoma Rainiers : LHP Billy Brewer
|
|
Batting: SHB Wilson Delgado
|
0-0: Foul Ball, location: 2F 0-1: Ball 1-1: Called Strike 1-2: Fly out, F8 (Flyball, 8LXD, EV 92.5 MPH)
|
|
Batting: LHB Bill Selby
|
0-0: Called Strike 0-1: Called Strike 0-2: Ball 1-2: Ball 2-2: Strikes out looking
|
|
Batting: SHB Cecil Espy
|
0-0: Ball 1-0: Ball 2-0: Called Strike 2-1: Swinging Strike 2-2: Foul Ball, location: 2F 2-2: Foul Ball, location: 2F 2-2: SINGLE (Flyball, 7LS, EV 90.6 MPH)
|
|
Pitching: RHP Carlos Reyes
|
|
|
Batting: SHB Ruben Sierra
|
0-0: Fly out, F9 (Flyball, 9S, EV 78.1 MPH)
|
| Bottom of the 6th over - 0 runs, 1 hit, 0 errors, 1 left on base; Tacoma 2 - New Orleans 4 |
| TOP OF THE 7TH |
|
Tacoma Rainiers batting - Pitching for New Orleans Brass : RHP Cris Carpenter
|
|
Batting: RHB Jose Guillen
|
0-0: Foul Ball, location: 2F 0-1: Reached on error, E6 (Groundball, 6, EV 101.9 MPH)
|
|
Batting: LHB Chito Martinez
|
0-0: Called Strike 0-1: Fly out, F9 (Flyball, 9S, EV 85.6 MPH)
|
|
Pitching: RHP Luis Aquino
|
|
|
Batting: LHB Dion James
|
0-0: Called Strike 0-1: Ball 1-1: Called Strike 1-2: Ball 2-2: Ball 3-2: DOUBLE (Line Drive, 9LS, EV 107.5 MPH) Jose Guillen scores
|
|
Batting: SHB Jason Bates
|
0-0: Foul Ball, location: 2F 0-1: Ball 1-1: Ball 2-1: Ball 3-1: Foul Ball, location: 2F 3-2: SINGLE (Groundball, 56, EV 90.0 MPH) (infield hit) Dion James to third
|
|
Batting: LHB Daryl Boston
|
0-0: Called Strike 0-1: Ball 1-1: Fly out, F8 (Flyball, 8LM, EV 81.9 MPH) Runner from 3rd tags up, SCORES, no throw by CF
|
|
Batting: RHB Ron Coomer
|
0-0: SINGLE (Flyball, 7S, EV 89.4 MPH) Jason Bates to second
|
|
Batting: LHB Tim Hyers
|
0-0: Called Strike 0-1: Ball 1-1: DOUBLE (Line Drive, 78D, EV 107.5 MPH) Jason Bates scores Ron Coomer to third Runner from 3rd tries for Home, SAFE, no throw by CF
|
|
Batting: LHB Greg O'Halloran
|
0-0: Ball 1-0: Foul Ball, location: 2F 1-1: Fly out, F3 (Popup, 3SF, EV 73.8 MPH)
|
| Top of the 7th over - 4 runs, 4 hits, 1 error, 1 left on base; Tacoma 6 - New Orleans 4 |
| BOTTOM OF THE 7TH |
|
New Orleans Brass batting - Pitching for Tacoma Rainiers : RHP Carlos Reyes
|
|
Batting: RHB Scott Brosius
|
0-0: Fly out, F9 (Flyball, 9LD, EV 105.0 MPH)
|
|
Batting: SHB Jose L Cruz
|
0-0: Ball 1-0: Ball 2-0: Called Strike 2-1: SOLO HOME RUN (Flyball, 9D, EV 105.0 MPH), Distance : 359 ft
|
|
Batting: RHB Eric Karros
|
0-0: Called Strike 0-1: Fly out, F7 (Flyball, 7, EV 84.4 MPH)
|
|
Batting: SHB Jose Vidro
|
0-0: Called Strike 0-1: Fly out, F2 (Popup, 25F, EV 75.6 MPH)
|
| Bottom of the 7th over - 1 run, 1 hit, 0 errors, 0 left on base; Tacoma 6 - New Orleans 5 |
| TOP OF THE 8TH |
|
Tacoma Rainiers batting - Pitching for New Orleans Brass : RHP Luis Aquino
|
|
Batting: SHB Ricky Otero
|
0-0: Swinging Strike 0-1: Swinging Strike 0-2: Ball 1-2: Ball 2-2: Foul Ball, location: 2F 2-2: Fly out, F8 (Line Drive, 8RM, EV 95.6 MPH)
|
|
Batting: RHB Jose Guillen
|
0-0: Ball 1-0: Ball 2-0: SINGLE (Groundball, 56D, EV 109.4 MPH)
|
|
Pitching: LHP Dave Fleming
|
|
|
Batting: LHB Chito Martinez
|
0-0: Called Strike 0-1: Ball 1-1: Ball Wild Pitch! Jose Guillen to second 2-1: Foul Ball, location: 2F 2-2: Ball 3-2: SINGLE (Groundball, 4MD, EV 103.8 MPH) Jose Guillen to third Runner from 3rd tries for Home, SAFE, no throw by CF
|
|
Batting: LHB Dion James
|
0-0: Ball 1-0: Grounds into double play, 4-6-3 (Groundball, 4, EV 84.4 MPH)
|
| Top of the 8th over - 1 run, 2 hits, 0 errors, 0 left on base; Tacoma 7 - New Orleans 5 |
| BOTTOM OF THE 8TH |
|
New Orleans Brass batting - Pitching for Tacoma Rainiers : RHP Carlos Reyes
|
|
Batting: LHB Greg Myers
|
0-0: Called Strike 0-1: Swinging Strike 0-2: Foul Ball, location: 2F 0-2: Ball 1-2: Ball 2-2: Strikes out swinging
|
|
Batting: SHB Wilson Delgado
|
0-0: SINGLE (Groundball, 6D, EV 95.6 MPH)
|
|
Pitching: LHP Kevin Wickander
|
|
|
Batting: LHB Bill Selby
|
0-0: Foul Ball, location: 2F 0-1: Ball 1-1: Called Strike 1-2: Ball 2-2: Foul Ball, location: 2F 2-2: Fly out, F7 (Flyball, 7D, EV 108.8 MPH)
|
|
Batting: SHB Cecil Espy
|
0-0: Ball Wild Pitch! Wilson Delgado to second 1-0: Ball 2-0: Called Strike 2-1: Ball 3-1: Called Strike 3-2: Foul Ball, location: 2F 3-2: Fly out, F6 (Popup, 6M, EV 52.5 MPH)
|
| Bottom of the 8th over - 0 runs, 1 hit, 0 errors, 1 left on base; Tacoma 7 - New Orleans 5 |
| TOP OF THE 9TH |
|
Tacoma Rainiers batting - Pitching for New Orleans Brass : LHP Dave Fleming
|
|
Batting: SHB Jason Bates
|
0-0: Ball 1-0: SINGLE (Line Drive, 9S, EV 107.5 MPH)
|
|
Batting: LHB Daryl Boston
|
0-0: Ball 1-0: Foul Ball, location: 2F 1-1: Ball 2-1: Called Strike 2-2: Ball 3-2: Base on Balls Jason Bates to second
|
|
Batting: RHB Ron Coomer
|
0-0: Grounds into double play, 1-6-3 (Groundball, 13S, EV 66.9 MPH) Jason Bates to third
|
|
Batting: LHB Tim Hyers
|
0-0: Ball 1-0: Ground out 1-3 (Groundball, P, EV 80.0 MPH)
|
| Top of the 9th over - 0 runs, 1 hit, 0 errors, 1 left on base; Tacoma 7 - New Orleans 5 |
| BOTTOM OF THE 9TH |
|
New Orleans Brass batting - Pitching for Tacoma Rainiers : LHP Kevin Wickander
|
|
Pitching: RHP Tavo Alvarez
|
|
|
Batting: SHB Ruben Sierra
|
0-0: Called Strike 0-1: Ground out 5-3 (Groundball, 5, EV 106.3 MPH)
|
|
Batting: RHB Scott Brosius
|
0-0: Ground out 5-3 (Groundball, 56, EV 101.3 MPH)
|
|
Batting: SHB Jose L Cruz
|
0-0: Called Strike 0-1: Called Strike 0-2: Strikes out swinging
|
| Bottom of the 9th over - 0 runs, 0 hits, 0 errors, 0 left on base; Tacoma 7 - New Orleans 5 |
|